 Dungeon Crawl Stone Soup version 0.25-a0-647-gd602d06ee1 (webtiles) character file.

Game seed: 18322509736899978358, levelgen mode: deterministic

130 twist the Shield-Bearer (level 5, 0/36 HPs)
             Began as an Octopode Fighter on Mar 21, 2020.
             Slain by a hungry ghost (3 damage)
             ... on level 3 of the Dungeon.
             The game lasted 00:03:53 (1585 turns).

twist the Shield-Bearer (Octopode Fighter)          Turns: 1585, Time: 00:03:54

Health: 0/36       AC:  1    Str: 13 (15) XL:     5   Next: 13%
Magic:  5/5        EV: 12    Int:  8 (11) God:
Gold:   87         SH:  8    Dex: 10 (12) Spells: 4/4 levels left

rFire    . . .     SeeInvis .   a - +0 long sword
rCold    . . .     Gourm    .   b - +0 kite shield
rNeg     . . .     Faith    .   (helmet restricted)
rPois    .         Spirit   .   (no amulet)
rElec    .         Reflect  .   (no ring)
rCorr    .         Harm     .   (no ring)
MR       .....                  (no ring)
Stlth    ++........             (no ring)
HPRegen  0.12/turn              (no ring)
MPRegen  0.09/turn              (no ring)
                                (no ring)
                                (no ring)

@: no status effects
A: almost no armour, stealthy swim, amphibious, 8 rings, constrict 8, camouflage
1, gelatinous body 1
a: no special abilities


You were on level 3 of the Dungeon.
You were not hungry.

You visited 1 branch of the dungeon, and saw 3 of its levels.

You collected 87 gold pieces.

Inventory:

Hand Weapons
 a - a +0 long sword (weapon)
 k - a +1 morningstar of holy wrath
 r - a +0 hunting sling
Missiles
 e - 3 silver javelins (quivered)
 s - 25 stones
Armour
 b - a +0 kite shield (worn)
Scrolls
 f - a scroll of identify {unknown}
 g - 2 scrolls of teleportation {unknown}
 h - a scroll of enchant armour {unknown}
 j - a scroll of fog {unknown}
 l - a scroll of amnesia {unknown}
 m - a scroll of random uselessness {unknown}
 n - a scroll of remove curse {unknown}
 o - a scroll of magic mapping {unknown}
Potions
 p - a potion of heal wounds {unknown}
 q - a potion of brilliance {unknown}
Comestibles
 c - 5 chunks of flesh
 d - a ration


   Skills:
 + Level 3.6 Fighting
 + Level 2.9 Long Blades
 + Level 1.5 Throwing
 + Level 3.7 Dodging
 + Level 3.7 Shields


You had 4 spell levels left.
You didn't know any spells.
Your spell library was empty.

Dungeon Overview and Level Annotations

Branches:
Dungeon (3/15)

Altars:
Ru

Annotations:
D:3 Jessica


Innate Abilities, Weirdness & Mutations

You cannot wear most types of armour.
You are very stealthy in the water. (Stealth+)
You are amphibious.
You can wear up to eight rings at the same time.
You can use your tentacles to constrict eight enemies at once.
Your skin changes colour to match your surroundings (Stealth+).
Your rubbery body absorbs attacks. (AC +1, EV +1)


Message History

You block the hungry ghost's attack.
Eat one of 5 chunks of flesh? (ye/n/q)
You eat one of the 2 rations.
That ration really hit the spot!
You block the hungry ghost's attack.
Your shield prevents you from hitting the hungry ghost.
The hungry ghost is heavily damaged.
The hungry ghost completely misses you.
You riposte.
You slash the hungry ghost!
The hungry ghost is severely damaged.
You block the hungry ghost's attack.
You miss the hungry ghost.
The hungry ghost is severely damaged.
The hungry ghost hits you.
* * * LOW HITPOINT WARNING * * *
You feel a lot more hungry.
You miss the hungry ghost. You squeeze the hungry ghost.
The hungry ghost is severely damaged.
A goblin comes into view. It is wielding a +0 dagger.
The hungry ghost hits you.
You die...

.... #### ####
..# ..... #.<[
#.##..... #.).
#....# #...
#..##
########...
#.g.#
...........
#.#.###
########...
r..#...####
##....
.....###rW@.#
#..##.
.......#
####.##
##>###.
....K..#
#..### ####..#
# ###.####
##...###....##
#.
###..#..####
##...## ##..#
##.# ###


You could see a hungry ghost, a goblin (wandering) and a rat.

Vanquished Creatures
  An orc priest (D:2)
  Natasha (D:2)
  An adder (D:3)
  2 oozes (D:1)
  A dart slug (D:2)
  3 orcs (D:3)
  2 ball pythons
  5 bats
  5 giant cockroaches
  3 goblins
  6 hobgoblins
  3 jackals (D:1)
  3 kobolds (D:1)
  A quokka (D:3)
  2 frilled lizards
  11 rats
50 creatures vanquished.

Notes
Turn   | Place    | Note
-------+----------+-------------------------------------------
     0 | D:1      | twist the Octopode Fighter began the quest for the Orb.
     0 | D:1      | Reached XP level 1. HP: 16/16 MP: 1/1
   119 | D:1      | Reached XP level 2. HP: 17/21 MP: 2/2
   224 | D:1      | Reached XP level 3. HP: 12/26 MP: 3/3
   725 | D:2      | You fall into a shaft and drop 1 floor!
   986 | D:2      | Reached XP level 4. HP: 31/31 MP: 4/4
  1009 | D:2      | Reached skill level 1 in Throwing
  1438 | D:3      | Noticed Natasha
  1459 | D:2      | Killed Natasha
  1459 | D:2      | Reached XP level 5. HP: 24/36 MP: 5/5
  1482 | D:3      | Found a sacrificial altar of Ru.
  1547 | D:3      | Noticed a hungry ghost
  1549 | D:3      | Noticed Jessica
  1585 | D:3      | Slain by a hungry ghost

Levels and vault maps discovered:
D:1:      sevenhm_arrival_forest_fort_small_3, layout_basic
D:2:      layout_loops_ring, hangedman_decor_growths
D:3:      minmay_diamond_boxcup, layout_rooms, nicolae_ru_awakened_eye,
          uniq_jessica, uniq_sigmund, uniq_natasha

Skill      XL: |  1  2  3  4 |
---------------+-------------+-----
Throwing       | 1 |  1.5
Fighting       | |  3.6
Long Blades    | |  2.9
Dodging        | |  3.7
Shields        | |  3.7

Action                   |  1- 3 |  4- 6 || total
-------------------------+-------+-------++-------
Melee: Long sword        |    55 |    46 ||   101
       Constrict         |    19 |     7 ||    26
       Tentacles         |     7 |     9 ||    16
  Use: Potion            |       |     2 ||     2
 Stab: Sleeping          |     2 |     1 ||     3
  Eat: Chunk             |       |     2 ||     2
       Ration            |       |     1 ||     1
Armor: Skin              |       |     2 ||     2
Dodge: Dodged            |    27 |    19 ||    46
Block: Kite shield       |    19 |    22 ||    41
       Rpst.: Long sword |     9 |     4 ||    13

Table legend:
 A = Non-vault XP
 B = Vault XP
 C = Vault XP percentage of total XP
 D = Non-vault monster count
 E = Vault monster count
 F = Vault count percentage of total count
                 A         B        C        D         E       F
            +---------+---------+-------+---------+---------+-------
      Total |     149 |      37 |  19.9 |      49 |       1 |   2.0
            +---------+---------+-------+---------+---------+-------
        D:1 |      55 |       0 |   0.0 |      26 |       0 |   0.0
        D:2 |      66 |      37 |  35.9 |      16 |       1 |   5.9
        D:3 |      28 |       0 |   0.0 |       7 |       0 |   0.0
            +---------+---------+-------+---------+---------+-------
